Map: [ESL] Inside and Out

Players

PtitDrogo

  • Race: Protoss Protoss
  • Spawn Location: 7:00

Reynor - Winner!

  • Race: Zerg Zerg
  • Spawn Location: 1:00

Event: DreamHack SC2 Masters 2022 Atlanta (Online)

VOD

Have the link to the VOD?

Description

Time

  • Played on: Oct. 4, 2022, 11:26 a.m.
  • Length: 10:28

All games in this series

Show
View Real Time Build Order
Export as new Build Order

PtitDrogo Protoss 

Build Orders: 1 Gate Expand, Oracle Opening 

Get SALT Encoding   

  12  0:00  Probe  
  13  0:12  Probe  
  14  0:18  Pylon  
  14  0:24  Probe (Chrono Boost)  
  15  0:37  Probe (Chrono Boost)  
  15  0:40  Gateway  
  16  0:45  Probe (Chrono Boost)  
  16  0:49  Assimilator  
  17  0:51  Probe  
  18  1:03  Probe  
  19  1:15  Probe  
  20  1:26  Nexus  
  20  1:42  Cybernetics Core  
  20  1:43  Probe  
  21  1:51  Assimilator  
  21  1:55  Probe  
  21  1:57  Pylon  
  22  2:07  Probe  
  23  2:15  Adept (Chrono Boost)  
  23  2:19  Stargate, Probe  
  26  2:32  Warp Gate  
  26  2:35  Probe (Chrono Boost)  
  27  2:37  Adept  
  27  2:40  Probe (Chrono Boost)  
  30  2:49  Probe x2 (Chrono Boost)  
  32  2:54  Probe (Chrono Boost)  
  32  2:57  Probe  
  34  3:00  Oracle (Chrono Boost)  
  37  3:06  Probe  
  37  3:09  Probe  
  37  3:11  Pylon  
  39  3:17  Gateway  
  39  3:18  Probe  
  40  3:21  Probe  
  41  3:27  Oracle (Chrono Boost)  
  41  3:31  Probe  
  41  3:33  Probe  
  46  3:43  Probe  
  46  3:45  Probe  
  48  3:54  Nexus  
  48  3:55  Pylon  
  48  3:56  Probe  
  48  3:58  Oracle  
  48  4:00  Probe  
  53  4:08  Probe  
  54  4:10  Pylon  
  54  4:12  Assimilator  
  54  4:21  Adept x2  
  58  4:26  Probe (Chrono Boost)  
  58  4:27  Probe (Chrono Boost)  
  60  4:33  Twilight Council  
  60  4:34  Forge  
  60  4:36  Assimilator  
  60  4:38  Probe (Chrono Boost)  
  62  4:44  Probe (Chrono Boost), Gateway  
  63  4:45  Probe (Chrono Boost)  
  63  4:50  Probe  
  63  4:52  Probe  
  64  4:54  Stalker x2  
  69  5:01  Protoss Ground Weapons Level 1  
  69  5:02  Probe  
  69  5:04  Blink (Chrono Boost)  
  69  5:05  Probe  
  71  5:10  Probe  
  68  5:14  Probe  
  68  5:17  Probe  
  68  5:18  Stalker  
  72  5:22  Probe  
  72  5:25  Stalker  
  72  5:26  Probe  
  76  5:29  Probe  
  76  5:34  Probe  
  78  5:38  Probe  
  78  5:40  Pylon  
  78  5:41  Stalker x2  
  78  5:42  Probe  
  84  5:43  Shield Battery  
  84  5:46  Probe  
  85  5:50  Pylon  
  85  5:58  Probe x3  
  85  6:00  Assimilator  
  85  6:01  Assimilator  
  88  6:04  Stalker x2  
  88  6:09  Stalker  
  88  6:10  Probe x2  
  88  6:11  Probe  
  93  6:29  Stalker x2  
  93  6:30  Probe x2  
  92  6:33  Gateway, Probe  
  92  6:35  Gateway x2  
  92  6:36  Gateway  
  92  6:39  Templar Archives  
  93  6:42  Probe, Gateway  
  93  6:43  Gateway, Stalker  
  93  6:46  Photon Cannon, Pylon  
  96  6:54  Stalker x2  
  96  6:58  Psionic Storm  
  96  7:00  Protoss Ground Weapons Level 2  
  100  7:03  Robotics Facility  
  99  7:12  Stalker  
  101  7:15  Photon Cannon  
  101  7:17  Shield Battery  
  101  7:21  Stalker x2  
  105  7:24  Charge (Chrono Boost)  
  105  7:26  Gateway  
  105  7:28  Photon Cannon  
  105  7:39  High Templar x2  
  109  7:44  Nexus  
  109  7:46  Pylon  
  109  7:49  Photon Cannon  
  109  8:04  Observer (Chrono Boost), Probe  
  111  8:06  Pylon  
  111  8:07  Pylon  
  111  8:08  Pylon  
  111  8:09  Stalker x4  
  117  8:19  Stalker x2  
  115  8:20  Stalker  
  115  8:22  Immortal (Chrono Boost)  
  115  8:25  Archon  
  105  8:28  Stalker x2  
  102  8:34  Zealot  
  102  8:35  Zealot x3  
  102  8:38  Probe  
  102  8:41  Probe  
  105  8:43  Stalker x2  
  105  8:44  Stalker  
  105  8:46  Probe  
  109  8:52  Nexus  
  109  8:54  Immortal (Chrono Boost)  
  113  8:56  High Templar  
  113  8:57  High Templar x2  
  117  9:04  Photon Cannon  
  110  9:14  Stalker x4  
  102  9:24  Stalker x2  
  96  9:30  Stalker  
  98  9:32  Observer (Chrono Boost)  
  95  9:39  Zealot x6  
  95  9:44  Probe  
  95  9:45  Immortal (Chrono Boost)  
  97  9:50  Probe  
  97  9:52  Stalker x2  
  99  10:00  Zealot  
  99  10:01  Zealot x4  
  99  10:06  Stalker x2  
  89  10:15  Zealot x2  
  76  10:22  Zealot x4  
Show
View Real Time Build Order
Export as new Build Order

Reynor Zerg - Winner!

Build Orders: Hatch First 

Get SALT Encoding   

  12  0:00  Drone  
  13  0:12  Overlord  
  13  0:16  Drone  
  14  0:30  Drone x2  
  16  0:42  Drone  
  17  0:51  Hatchery  
  17  0:54  Drone  
  17  0:58  Drone  
  18  1:09  Extractor  
  17  1:13  Spawning Pool  
  17  1:15  Drone  
  17  1:19  Drone  
  18  1:27  Drone  
  19  1:38  Drone  
  20  1:48  Overlord  
  20  2:00  Queen  
  22  2:02  Queen  
  22  2:04  Zergling x4  
  26  2:10  Drone  
  26  2:12  Metabolic Boost  
  26  2:13  Drone  
  28  2:21  Drone  
  29  2:25  Drone  
  30  2:36  Drone, Hatchery  
  30  2:39  Drone  
  31  2:46  Drone  
  31  2:47  Overlord  
  32  2:53  Queen  
  32  2:55  Zergling x2  
  32  2:57  Drone  
  36  3:06  Queen  
  36  3:09  Overlord  
  36  3:11  Drone  
  36  3:12  Drone  
  40  3:14  Drone  
  40  3:16  Drone  
  40  3:18  Drone  
  43  3:20  Drone  
  44  3:29  Drone  
  44  3:30  Queen, Drone  
  48  3:40  Drone x2  
  50  3:46  Queen  
  52  3:51  Overlord  
  52  3:52  Drone  
  52  3:55  Spore Crawler, Drone  
  53  3:56  Queen  
  53  3:59  Drone  
  56  4:03  Spore Crawler, Drone x3  
  56  4:08  Overlord  
  58  4:10  Spore Crawler  
  58  4:11  Drone  
  58  4:14  Drone x2  
  60  4:20  Overlord  
  58  4:24  Drone x3  
  58  4:28  Queen  
  58  4:30  Overlord  
  62  4:32  Zergling x2  
  63  4:39  Drone x5  
  68  4:46  Zergling x2  
  68  4:47  Zergling x4, Roach Warren  
  68  4:49  Drone  
  68  4:51  Drone x2  
  73  4:53  Drone  
  73  4:57  Lair  
  73  4:58  Drone  
  75  5:00  Drone  
  75  5:02  Zergling x4, Extractor  
  75  5:06  Drone x3  
  78  5:09  Drone  
  78  5:10  Drone  
  78  5:13  Drone x2  
  81  5:15  Drone  
  81  5:17  Overlord  
  81  5:18  Drone x2  
  84  5:23  Evolution Chamber  
  84  5:24  Drone  
  85  5:28  Drone x2  
  85  5:31  Drone  
  85  5:34  Extractor  
  84  5:35  Extractor  
  84  5:36  Drone x3  
  84  5:37  Drone x2  
  84  5:39  Overlord  
  84  5:41  Drone  
  88  5:50  Zergling x12  
  88  5:51  Zerg Missile Weapons Level 1  
  88  5:52  Zergling x2  
  88  5:53  Queen  
  88  5:57  Overseer  
  97  6:00  Zergling x4  
  97  6:03  Zergling x4  
  101  6:04  Glial Reconstitution  
  101  6:06  Overlord  
  101  6:09  Overlord  
  101  6:13  Hatchery, Overlord  
  98  6:19  Overlord  
  98  6:24  Zergling x8  
  98  6:25  Zergling x2  
  95  6:26  Roach x3  
  95  6:27  Roach  
  95  6:30  Roach  
  103  6:36  Extractor  
  103  6:37  Roach x5  
  103  6:38  Roach  
  114  6:42  Overlord  
  114  6:44  Drone  
  114  6:45  Roach x4, Extractor  
  122  6:52  Drone, Overlord  
  123  6:54  Drone  
  123  7:01  Drone x2, Overlord  
  124  7:03  Roach x3  
  124  7:04  Roach  
  124  7:06  Roach  
  135  7:09  Drone  
  135  7:13  Roach  
  135  7:14  Drone x2  
  135  7:15  Overlord  
  139  7:16  Roach  
  139  7:18  Roach  
  143  7:24  Overlord  
  143  7:26  Roach x2  
  143  7:29  Roach x2  
  151  7:31  Roach x3  
  151  7:32  Roach  
  151  7:33  Overlord  
  151  7:34  Tunneling Claws, Burrow  
  160  7:37  Roach  
  160  7:41  Overlord  
  159  7:45  Roach x4  
  159  7:46  Overlord  
  159  7:50  Spore Crawler  
  159  7:51  Zerg Missile Weapons Level 2  
  166  7:52  Extractor  
  166  7:57  Ravager  
  166  7:58  Roach x2, Ravager x2  
  168  7:59  Zergling x6, Roach  
  168  8:02  Overlord  
  176  8:10  Zergling x2  
  176  8:11  Zergling x14  
  181  8:15  Roach x3  
  181  8:16  Roach  
  181  8:18  Roach  
  178  8:21  Roach x4  
  178  8:24  Roach  
  172  8:29  Roach x7  
  172  8:33  Roach  
  177  8:36  Roach  
  177  8:37  Roach x2  
  177  8:38  Roach x14  
  177  8:39  Roach x3  
  174  8:43  Roach x5  
  174  8:46  Roach  
  185  8:54  Roach x5  
  191  8:59  Roach x6  
  199  9:03  Overlord  
  195  9:11  Roach x5  
  195  9:16  Roach  
  195  9:17  Roach x3  
  198  9:22  Roach x5  
  192  9:25  Roach  
  192  9:30  Roach x2  
  190  9:33  Roach x4  
  190  9:36  Roach x2  
  196  9:38  Roach x4  
  196  9:41  Roach x2  
  196  9:43  Roach  
  184  9:46  Roach x5  
  184  9:50  Roach x2  
  192  9:52  Ravager x2  
  192  9:53  Roach x2, Ravager  
  192  9:59  Roach x4  
  196  10:08  Roach  
  196  10:09  Roach  
  193  10:18  Hatchery  
Tags
 
Add a new tag
Caveats
  • Supply blocks, unpowered buildings, or Contaminate may cause inaccurate times.
  • Supply counts are checked every 10 seconds.